 Dungeon Crawl Stone Soup version 0.21.1-1-g345015fe64 (webtiles) character file.

137 Freyura the Cudgeler (level 5, -1/32 HPs)
             Began as a Gargoyle Monk on May 3, 2018.
             Slain by Grinder (2 damage)
             ... on level 3 of the Dungeon.
             The game lasted 00:09:29 (2189 turns).

Freyura the Cudgeler (Gargoyle Monk)                Turns: 2189, Time: 00:09:29

Health: -1/32      AC:  9    Str: 15    XL:     5   Next: 20%
Magic:  5/5        EV: 11    Int: 10    God:
Gold:   98         SH:  6    Dex: 13    Spells: 4/4 levels left

rFire    . . .     SeeInvis .   a - +0 mace
rCold    . . .     Gourm    .   (no shield)
rNeg     + . .     Faith    .   i - +0 ring mail
rPois    ∞         Spirit   .   (no helmet)
rElec    +         Reflect  +   (no cloak)
rCorr    .         Harm     .   (no gloves)
MR       .....                  (no boots)
Stlth    +.........             k - +6 amulet of reflection
HPRegen  0.10/turn              (no ring)
MPRegen  0.09/turn              (no ring)

@: hasted, very quick
A: negative energy resistance 1, electricity resistance, unbreathing,
petrification resistance, rot immunity, AC +4
a: no special abilities


You were on level 3 of the Dungeon.
You were full.

You visited 1 branch of the dungeon, and saw 3 of its levels.

You collected 98 gold pieces.

Inventory:

Hand Weapons
 a - a +0 mace (weapon)
Armour
 b - a +0 robe
 i - a +0 ring mail (worn)
 m - a +0 chain mail
Jewellery
 k - a +6 amulet of reflection (around neck)
 o - an uncursed amulet of guardian spirit {unknown}
Scrolls
 d - 2 scrolls of identify
 e - a scroll of noise {unknown}
 f - 2 scrolls of teleportation {unknown}
 h - 5 scrolls of remove curse {unknown}
 l - a scroll of amnesia {unknown}
 p - a scroll of magic mapping {unknown}
 q - a scroll of immolation {unknown}
 r - 2 scrolls of enchant weapon {unknown}
Potions
 g - 2 potions of curing
 n - a potion of might {unknown}
 s - a potion of agility {unknown}
Comestibles
 c - 3 rations


   Skills:
 - Level 3.2 Fighting
 * Level 5.7 Maces & Flails
 - Level 2.4 Dodging
 - Level 2.1 Stealth


You had 4 spell levels left.
You didn't know any spells.

Dungeon Overview and Level Annotations

Branches:
Dungeon (3/15)

Altars:
Nemelex Xobeh

Annotations:
D:3 Grinder


Innate Abilities, Weirdness & Mutations

You are resistant to torment.
Your stone body is resilient. (AC +4)
You are immune to poison.
You resist negative energy. (rN+)
You are resistant to electric shocks. (rElec)
You can survive without breathing.
You are immune to petrification.
You are immune to rotting.


Message History

Grinder gestures at you.
You suddenly lose the ability to move!
Grinder gestures at you.
You barely resist. Grinder hits you.
You writhe in agony.
Grinder hits you.
* * * LOW HITPOINT WARNING * * *
You writhe in agony.
* * * LOW HITPOINT WARNING * * *
You can move again.
It was a potion of haste.
You feel yourself speed up.
Grinder blinks!
You hit Grinder but do no damage.
Grinder is heavily wounded.
You block Grinder's attack.
You barely miss Grinder.
Grinder is heavily wounded.
Grinder hits you!
* * * LOW HITPOINT WARNING * * *
You writhe in agony.
You die...

#....# =. #.#<....
#....#). #.#.###.
#....#.# #.#>....
#....... #.#.####
#....#.# #.#.#
#....#.# #.#.#
#....#.#####.#.#
##....#........<#
#.5@....############
#.......'...........
#..)....############
######### ### ##..
##..# #..##


You could see Grinder.

Vanquished Creatures
  4 adders
  2 oozes
  2 worms (D:2)
  3 dart slugs
  2 leopard geckos
  2 orcs (D:3)
  10 bats
  3 giant cockroaches
  8 hobgoblins
  9 jackals (D:1)
  10 kobolds
  A quokka (D:2)
  3 frilled lizards
  7 goblins
  7 rats
73 creatures vanquished.

Notes
Turn   | Place    | Note
-------+----------+-------------------------------------------
     0 | D:1      | Freyura the Gargoyle Monk began the quest for the Orb.
     0 | D:1      | Reached XP level 1. HP: 14/14 MP: 1/1
    54 | D:1      | Reached XP level 2. HP: 8/19 MP: 2/2
   346 | D:1      | Reached skill level 4 in Maces & Flails
   380 | D:1      | Reached XP level 3. HP: 23/23 MP: 3/3
  1066 | D:2      | Reached XP level 4. HP: 28/28 MP: 4/4
  1121 | D:2      | Reached skill level 5 in Maces & Flails
  1618 | D:3      | Reached XP level 5. HP: 25/32 MP: 5/5
  1764 | D:3      | Found a sparkling altar of Nemelex Xobeh.
  2157 | D:3      | Noticed Grinder
  2181 | D:3      | Paralysed by Grinder for 4 turns
  2189 | D:3      | HP: 1/32 [Grinder (7)]
  2189 | D:3      | Slain by Grinder

Skill      XL: |  1  2  3  4 |
---------------+-------------+-----
Maces & Flails | 4 5 |  5.7
Fighting       | |  3.2
Dodging        | |  2.4
Stealth        | |  2.1

Action                   |  1- 3 |  4- 6 || total
-------------------------+-------+-------++-------
Melee: Mace              |   139 |   142 ||   281
  Use: Scroll            |     1 |       ||     1
       Potion            |       |     2 ||     2
 Stab: Sleeping          |     4 |     2 ||     6
  Eat: Ration            |     1 |     2 ||     3
Armor: Robe              |    14 |       ||    14
       Ring mail         |    71 |    58 ||   129
Dodge: Dodged            |   117 |    72 ||   189
Block: Other             |     2 |    32 ||    34
